3A
BELLEVILLE BULLS @ LOUISIANA DRAGOONS
05/05/2027
 
TOP OF THE 1ST
Belleville Bulls batting - Pitching for Louisiana Dragoons : RHP António Andrade
Pitching: RHP António Andrade
Batting: RHB Miguel González 0-0: Ball
1-0: Fly out, F6 (Line Drive, 6)
Batting: RHB Elia Amberezzio 0-0: Called Strike
0-1: Ground out 6-3 (Groundball, 6)
Batting: LHB Armando Reyes 0-0: Called Strike
0-1: Ball
1-1: Foul Ball, location: 2F
1-2: Foul Ball, location: 2F
1-2: Ball
2-2: Strikes out swinging
Top of the 1st over - 0 run(s), 0 hit(s), 0 error(s), 0 left on base; Belleville 0 - Louisiana 0
BOTTOM OF THE 1ST
Louisiana Dragoons batting - Pitching for Belleville Bulls : RHP Jesús Garces
Pitching: RHP Jesús Garces
Batting: SHB Ángel Costa 0-0: Ball
1-0: Ground out 1-3 (Groundball, 13S)
Batting: RHB José Luque 0-0: Ball
1-0: Ground out 6-3 (Groundball, 6M)
Batting: LHB Dan Webb 0-0: Ball
1-0: Swinging Strike
1-1: Ball
2-1: Ground out 1-3 (Groundball, 13S)
Bottom of the 1st over - 0 run(s), 0 hit(s), 0 error(s), 0 left on base; Belleville 0 - Louisiana 0
TOP OF THE 2ND
Belleville Bulls batting - Pitching for Louisiana Dragoons : RHP António Andrade
Batting: RHB Mike Jennings 0-0: Ball
1-0: Ball
2-0: Ball
3-0: Foul Ball, location: 2F
3-1: Base on Balls
Batting: RHB Alejandro Serrato 0-0: Fly out, F8 (Flyball, 8RD)
Batting: RHB Ron Bernard 0-0: Called Strike
0-1: Foul Ball, location: 2F
0-2: SINGLE (Line Drive, 7LS)
Mike Jennings to second
Batting: LHB Alan Shaw 0-0: Ball
1-0: Ball
2-0: Called Strike
2-1: Called Strike
2-2: Foul Ball, location: 2F
2-2: Foul Ball, location: 2F
2-2: Ground out U3 (Groundball, 3S)
Mike Jennings to third
Ron Bernard to second
Batting: RHB Vicente Mena 0-0: Foul Ball, location: 2F
0-1: Called Strike
0-2: Ball
1-2: Fly out, F4 (Popup, 34D)
Top of the 2nd over - 0 run(s), 1 hit(s), 0 error(s), 2 left on base; Belleville 0 - Louisiana 0
BOTTOM OF THE 2ND
Louisiana Dragoons batting - Pitching for Belleville Bulls : RHP Jesús Garces
Batting: RHB Holden Markoff 0-0: Ball
1-0: Ball
2-0: Called Strike
2-1: Ball
3-1: Called Strike
3-2: Foul Ball, location: 2F
3-2: TRIPLE (Flyball, 8RM)
Batting: RHB Felipe Palazzola 0-0: Ground out 6-3 (Groundball, 6S)
Holden Markoff scores
Batting: SHB Ed Blackett 0-0: Foul Ball, location: 2F
0-1: Foul Ball, location: 2F
0-2: Strikes out swinging
Batting: RHB Harry Gibson 0-0: Ball
1-0: Called Strike
1-1: Ball
2-1: Foul Ball, location: 2F
2-2: Ball
3-2: Base on Balls
Batting: RHB Nelson Muntz 0-0: Called Strike
Harry Gibson is caught stealing 2nd base
Bottom of the 2nd over - 1 run(s), 1 hit(s), 0 error(s), 0 left on base; Belleville 0 - Louisiana 1
TOP OF THE 3RD
Belleville Bulls batting - Pitching for Louisiana Dragoons : RHP António Andrade
Batting: RHB Leonardo Sotelo 0-0: Ball
1-0: Ball
2-0: Called Strike
2-1: Ball
3-1: SINGLE (Groundball, 56D)
Batting: RHB Miguel González 0-0: Ball
1-0: Foul Ball, location: 2F
1-1: Foul Ball, location: 2F
1-2: Ball
2-2: Ball
3-2: Base on Balls
Leonardo Sotelo to second
Batting: RHB Elia Amberezzio 0-0: Ball
1-0: Ball
2-0: Called Strike
2-1: Foul Ball, location: 2F
2-2: Foul Ball, location: 2F
2-2: Strikes out swinging
Batting: LHB Armando Reyes 0-0: Foul Ball, location: 2F
0-1: Called Strike
0-2: Ball
1-2: Ball
2-2: Fly out, F9 (Flyball, 9LM)
Batting: RHB Mike Jennings 0-0: Called Strike
0-1: Foul Ball, location: 2F
0-2: Strikes out looking
Top of the 3rd over - 0 run(s), 1 hit(s), 0 error(s), 2 left on base; Belleville 0 - Louisiana 1
BOTTOM OF THE 3RD
Louisiana Dragoons batting - Pitching for Belleville Bulls : RHP Jesús Garces
Batting: RHB Nelson Muntz 0-0: Ball
1-0: SINGLE (Flyball, 7LS)
Batting: RHB Giuseppe Provolone 0-0: Grounds into double play, 6-4-3 (Groundball, 56)
Batting: SHB Ángel Costa 0-0: Fly out, F7 (Flyball, 7LS)
Bottom of the 3rd over - 0 run(s), 1 hit(s), 0 error(s), 0 left on base; Belleville 0 - Louisiana 1
TOP OF THE 4TH
Belleville Bulls batting - Pitching for Louisiana Dragoons : RHP António Andrade
Batting: RHB Alejandro Serrato 0-0: Called Strike
0-1: Ball
1-1: Swinging Strike
1-2: Strikes out swinging
Batting: RHB Ron Bernard 0-0: Called Strike
0-1: Called Strike
0-2: Strikes out swinging
Batting: LHB Alan Shaw 0-0: Fly out, F7 (Flyball, 7LM)
Top of the 4th over - 0 run(s), 0 hit(s), 0 error(s), 0 left on base; Belleville 0 - Louisiana 1
BOTTOM OF THE 4TH
Louisiana Dragoons batting - Pitching for Belleville Bulls : RHP Jesús Garces
Batting: RHB José Luque 0-0: Ball
1-0: Fly out, F5 (Popup, 5L)
Batting: LHB Dan Webb 0-0: Fly out, F3 (Line Drive, 3)
Batting: RHB Holden Markoff 0-0: Ground out 4-3 (Groundball, 4)
Bottom of the 4th over - 0 run(s), 0 hit(s), 0 error(s), 0 left on base; Belleville 0 - Louisiana 1
TOP OF THE 5TH
Belleville Bulls batting - Pitching for Louisiana Dragoons : RHP António Andrade
Batting: RHB Vicente Mena 0-0: Ball
1-0: Called Strike
1-1: Foul Ball, location: 2F
1-2: Ball
2-2: Ball
3-2: Foul Ball, location: 2F
3-2: Ground out 5-3 (Groundball, 56)
Batting: RHB Leonardo Sotelo 0-0: Ball
1-0: Called Strike
1-1: Foul Ball, location: 2F
1-2: Strikes out looking
Batting: RHB Miguel González 0-0: Ball
1-0: Ball
2-0: Ball
3-0: Base on Balls
Batting: RHB Elia Amberezzio 0-0: Called Strike
0-1: Called Strike
0-2: Ball
Miguel González steals 2nd base
1-2: Ball
2-2: Ball
3-2: Strikes out swinging
Top of the 5th over - 0 run(s), 0 hit(s), 0 error(s), 1 left on base; Belleville 0 - Louisiana 1
BOTTOM OF THE 5TH
Louisiana Dragoons batting - Pitching for Belleville Bulls : RHP Jesús Garces
Batting: RHB Felipe Palazzola 0-0: Called Strike
0-1: Foul Ball, location: 2F
0-2: Foul Ball, location: 2F
0-2: Ball
1-2: Ground out 5-3 (Groundball, 5)
Batting: SHB Ed Blackett 0-0: Ground out U3 (Groundball, 34)
Batting: RHB Harry Gibson 0-0: Called Strike
0-1: Ball
1-1: Fly out, F1 (Line Drive, 13)
Bottom of the 5th over - 0 run(s), 0 hit(s), 0 error(s), 0 left on base; Belleville 0 - Louisiana 1
TOP OF THE 6TH
Belleville Bulls batting - Pitching for Louisiana Dragoons : RHP António Andrade
Batting: LHB Armando Reyes 0-0: Ball
1-0: Ball
2-0: Called Strike
2-1: Swinging Strike
2-2: Ground out 4-3 (Groundball, 4)
Pitching: RHP Cornelius Bigelow
Batting: RHB Mike Jennings 0-0: Called Strike
0-1: Foul Ball, location: 2F
0-2: Ball
1-2: SINGLE (Flyball, 8RS)
Batting: RHB Alejandro Serrato 0-0: Called Strike
0-1: Ball
1-1: Foul Ball, location: 2F
1-2: Ball
2-2: Strikes out swinging
Batting: RHB Ron Bernard 0-0: Ball
Mike Jennings is caught stealing 2nd base
Top of the 6th over - 0 run(s), 1 hit(s), 0 error(s), 0 left on base; Belleville 0 - Louisiana 1
BOTTOM OF THE 6TH
Louisiana Dragoons batting - Pitching for Belleville Bulls : RHP Jesús Garces
Batting: RHB Nelson Muntz 0-0: Called Strike
0-1: Swinging Strike
0-2: Strikes out swinging
Batting: RHB Giuseppe Provolone 0-0: Ball
1-0: Foul Ball, location: 2F
1-1: Ball
2-1: Foul Ball, location: 2F
2-2: Foul Ball, location: 2F
2-2: Strikes out swinging
Batting: SHB Ángel Costa 0-0: Ball
1-0: Fly out, F7 (Flyball, 7LS)
Bottom of the 6th over - 0 run(s), 0 hit(s), 0 error(s), 0 left on base; Belleville 0 - Louisiana 1
TOP OF THE 7TH
Belleville Bulls batting - Pitching for Louisiana Dragoons : RHP Cornelius Bigelow
Now at 3B: José Mendoza
Batting: RHB Ron Bernard 0-0: Called Strike
0-1: Swinging Strike
0-2: Ball
1-2: Foul Ball, location: 2F
1-2: Strikes out swinging
Batting: LHB Alan Shaw 0-0: Called Strike
0-1: Swinging Strike
0-2: Strikes out swinging
Batting: RHB Vicente Mena 0-0: Ball
1-0: Ball
2-0: Foul Ball, location: 2F
2-1: Foul Ball, location: 2F
2-2: Foul Ball, location: 2F
2-2: Strikes out swinging
Top of the 7th over - 0 run(s), 0 hit(s), 0 error(s), 0 left on base; Belleville 0 - Louisiana 1
BOTTOM OF THE 7TH
Louisiana Dragoons batting - Pitching for Belleville Bulls : RHP Jesús Garces
Batting: RHB José Luque 0-0: Ball
1-0: Swinging Strike
1-1: Swinging Strike
1-2: Strikes out swinging
Batting: LHB Dan Webb 0-0: Ball
1-0: Fly out, F9 (Flyball, 9S)
Batting: RHB Holden Markoff 0-0: SINGLE (Line Drive, 4MD)
Pinch Hitting: LHB Jim Unknown 0-0: Ball
1-0: Ball
2-0: Called Strike
2-1: Foul Ball, location: 2F
2-2: Strikes out swinging
Bottom of the 7th over - 0 run(s), 1 hit(s), 0 error(s), 1 left on base; Belleville 0 - Louisiana 1
TOP OF THE 8TH
Belleville Bulls batting - Pitching for Louisiana Dragoons : RHP Cornelius Bigelow
Pitching: RHP Brian Krick
Now in LF: Jim Unknown
Batting: RHB Leonardo Sotelo 0-0: Called Strike
0-1: SINGLE (Groundball, 56D)
Batting: RHB Miguel González 0-0: Ball
1-0: Foul Ball, location: 2F
1-1: Ball
2-1: Sac Bunt - play at first, batter OUT! 1-3
Leonardo Sotelo to second
Batting: RHB Elia Amberezzio 0-0: Ball
1-0: Ball
2-0: Swinging Strike
2-1: Called Strike
2-2: Foul Ball, location: 2F
2-2: Foul Ball, location: 2F
2-2: Foul Ball, location: 2F
2-2: Ball
3-2: Foul Ball, location: 2F
3-2: SINGLE (Groundball, 34D)
Leonardo Sotelo to third
Pitching: LHP Javier Browne
Batting: LHB Armando Reyes 0-0: Ball
1-0: Called Strike
1-1: Swinging Strike
1-2: Strikes out swinging
Pitching: RHP Alfredo Velásquez
Batting: RHB Mike Jennings 0-0: Called Strike
0-1: Ball
1-1: Ball
2-1: DOUBLE (Flyball, 7D)
Leonardo Sotelo scores
Elia Amberezzio to third
Runner from 3rd tries for Home, SAFE, no throw
Pinch Hitting: LHB José Gómez 0-0: Intentional Walk
Pinch Hitting: LHB Carlos Cirilli 0-0: Called Strike
0-1: Fielders Choice at 2nd, U4 (Groundball, 4M)
Top of the 8th over - 2 run(s), 3 hit(s), 0 error(s), 2 left on base; Belleville 2 - Louisiana 1
BOTTOM OF THE 8TH
Louisiana Dragoons batting - Pitching for Belleville Bulls : RHP Jesús Garces
Now at 1B: José Gómez
Now in RF: Carlos Cirilli
Batting: SHB Ed Blackett 0-0: Fly out, F3 (Popup, 3L)
Batting: RHB Harry Gibson 0-0: Ball
1-0: Called Strike
1-1: Called Strike
1-2: Ball
2-2: Ball
3-2: Foul Ball, location: 2F
3-2: Fly out, F5 (Line Drive, 56)
Batting: RHB Nelson Muntz 0-0: Foul Ball, location: 2F
0-1: Foul Ball, location: 2F
0-2: Foul Ball, location: 2F
0-2: Strikes out swinging
Bottom of the 8th over - 0 run(s), 0 hit(s), 0 error(s), 0 left on base; Belleville 2 - Louisiana 1
TOP OF THE 9TH
Belleville Bulls batting - Pitching for Louisiana Dragoons : RHP Alfredo Velásquez
Pitching: RHP Gary Mason
Batting: LHB Alan Shaw 0-0: Ball
1-0: Ball
2-0: Called Strike
2-1: Swinging Strike
2-2: Ball
3-2: Strikes out swinging
Batting: RHB Vicente Mena 0-0: Foul Ball, location: 2F
0-1: Ground out 5-3 (Groundball, 5)
Batting: RHB Leonardo Sotelo 0-0: Called Strike
0-1: Ball
1-1: Ball
2-1: Foul Ball, location: 2F
2-2: Foul Ball, location: 2F
2-2: Ground out 6-3 (Groundball, 6)
Top of the 9th over - 0 run(s), 0 hit(s), 0 error(s), 0 left on base; Belleville 2 - Louisiana 1
BOTTOM OF THE 9TH
Louisiana Dragoons batting - Pitching for Belleville Bulls : RHP Jesús Garces
Pitching: RHP Giddy Potts
Now at 2B: Ramón Padrón
Pinch Hitting: LHB Jim Unknown 0-0: Foul Ball, location: 2F
0-1: Ground out 5-3 (Groundball, 56S)
Pinch Hitting: RHB Jody Bennett 0-0: Called Strike
0-1: Ball
1-1: Ball
2-1: Called Strike
2-2: Strikes out swinging
Pinch Hitting: RHB Rodrigo Rodríguez 0-0: Ball
1-0: Ball
2-0: Called Strike
2-1: Swinging Strike
2-2: Ball
3-2: Fly out, F9 (Flyball, 9S)
Bottom of the 9th over - 0 run(s), 0 hit(s), 0 error(s), 0 left on base; Belleville 2 - Louisiana 1
Saturday, May 26th, 2018 - OOTP Baseball 17.12 Build 75